cohdb
Replays
Latest Replays
All Replays
Popular Replays
Top Player Replays
Match Explorer
How It Works
Community
CoH3 Stats
Reddit
Sign in to upload your games and track your stats! →
Sign in with Steam
Match 46071837
Unlisted
Match 46071837
Overview
Messages
Build Orders
End
Construct Infanterie Kompanie
Selects Breakthrough Battlegroup
Selects Assault Grenadiers
Grenadier Squad
Grenadier Squad
GrW 34 Mortar Team
GrW 34 Mortar Team
Construct Luftwaffe Kompanie
Jäger Squad
Selects Breakthrough
221 Scout Car
Jäger Squad
Luftwaffe Officer Quarters
Medical Station
Selects Mechanized Assault Group
Selects Rapid Production
221 Scout Car
两枪断你枪王梦
zaro
Esxile
Novacaine
0
0
Comments
sign in to comment!
No comments posted yet!